 Dungeon Crawl Stone Soup version 0.31-a0-177-g4aa6249778 (webtiles) character file.

Game seed: 16189713919988269030

905 qw the Shooter (level 8, -15/73 HPs)
             Began as a Naga Hunter on June 18, 2023.
             Shot with a bolt by an orc (54 damage)
             ... on level 5 of the Dungeon.
             The game lasted 00:01:30 (4282 turns).

qw the Shooter (Naga Hunter)                        Turns: 4282, Time: 00:01:30

Health: -15/73     AC:  7    Str: 13    XL:     8   Next: 8%
Magic:  8/8        EV:  9    Int:  9    God:
Gold:   105        SH:  0    Dex: 18    Spells: 7/7 levels left

rFire   . . .        Y - +1 shortbow
rCold   . . .        (shield currently unavailable)
rNeg    + . .        g - +2 ring mail {Will+}
rPois   +            (no helmet)
rElec   .            (no cloak)
rCorr   .            (no gloves)
SInv    +            (no barding)
Will    ++...        d - amulet of the acrobat
Stlth   +            a - ring of positive energy
HPRegen 0.32/turn    (no ring)
MPRegen 0.11/turn

%: acrobat
@: short of breath, very slow
A: AC +2, large, see invisible, deformed body, poison resistance, slowness 2,
spit poison 1, naga tail 1
a: Spit Poison


You were on level 5 of the Dungeon.
You visited 1 branch of the dungeon, and saw 5 of its levels.

You collected 287 gold pieces.
You spent 182 gold pieces at shops.


Innate Abilities, Weirdness & Mutations

Your serpentine skin is tough. (AC +2)
You have supernaturally acute eyesight. (SInv)
Armour fits poorly on your strangely shaped body.
Your system is resistant to poisons. (rPois)
You cover ground very slowly.
You can spit poison.
You have a snake-like lower body.


   Skills:
 - Level 4.4 Fighting
 + Level 7.5 Ranged Weapons
 - Level 1.6 Armour
 - Level 2.5 Dodging
 - Level 1.5 Stealth


You had 7 spell levels left.
You didn't know any spells.
Your spell library was empty.

Inventory:

Hand Weapons
 Y - a +1 shortbow (weapon)
Armour
 c - a +0 leather armour of cold resistance
 g - a +2 ring mail of willpower (worn)
Jewellery
 a - a ring of positive energy (left hand)
 d - an amulet of the acrobat (around neck)
 f - a ring of wizardry
Scrolls
 b - 5 scrolls of identify
 h - a scroll of blinking {unknown}
Potions
 e - a potion of might {unknown}

Dungeon Overview and Level Annotations

Branches:
Dungeon (5/15)
 Temple: D:4-7

Altars:
Kikubaaqudgha
Ru
Uskayaw

Shops:
D:3 :   D:4 [


Message History

You have got your breath back.
4274 ||| INVOKING Spit Poison.
Aiming: Spit Poison (1% risk of failure)
Press: ? - help, Shift-Dir - straight line, f - ogre The splash of poison hits the ogre.
The ogre is poisoned.
The ogre is heavily wounded.
The ogre barely misses you.
You shoot an arrow. The arrow hits the ogre!
The ogre is severely wounded.
You shoot an arrow. The arrow closely misses the ogre.
The arrow hits the gnoll bouda.
The gnoll bouda is lightly wounded.
Your attacks no longer feel as feeble.
The ogre barely misses you.
You shoot an arrow.
The arrow hits the ogre but does no damage.
The ogre is almost dead.
The ogre closely misses you.
You shoot an arrow. The arrow barely misses the ogre.
The arrow hits the gnoll bouda.
The gnoll bouda is moderately wounded.
The ogre barely misses you.
You shoot an arrow. The arrow hits the ogre.
The ogre is almost dead.
You shoot an arrow. The arrow hits the ogre.
You kill the ogre!
You have got your breath back.
You have reached level 8!
You feel agile.
4281 ||| INVOKING Spit Poison.
Aiming: Spit Poison (1% risk of failure)
Press: ? - help, Shift-Dir - straight line, f - gnoll bouda The splash of poison hits the gnoll bouda!
The gnoll bouda is poisoned.
The gnoll bouda is severely wounded.
The gnoll bouda closely misses you.
You shoot an arrow. The arrow hits the gnoll bouda!
You kill the gnoll bouda!
The orc shoots a bolt.
The bolt hits you!!!
Ouch! That really hurt!
You die...

###.#####.###.##
##.## ### #.#
##...## #.#
###.....#######.#
#............##.#
#.#.....####.##.#
#.##.........##..
# ##..........
#@######### #)#
#o#


SSg .# #...# #...# You could see an orc wizard (invisible), a gnoll (swift), 2
adders and an orc.

Vanquished Creatures
  2 ice beasts
  An ogre (D:5)
  3 scorpions (D:4)
  A hound (D:4)
  A jelly (D:4)
  A gnoll bouda (D:5)
  Jessica (D:2)
  A sleepcap (D:4)
  2 iguanas (D:3)
  An orc wizard (D:5)
  Natasha (thrice) (D:2)
  6 adders
  5 gnolls
  An ufetubus (D:5)
  2 worms (D:2)
  2 dart slugs
  3 orcs (D:5)
  7 endoplasms
  7 giant cockroaches
  4 hobgoblins
  4 jackals (D:3)
  3 quokkas
  12 ball pythons
  5 bats
  A frilled lizard (D:2)
  10 goblins
  6 kobolds
  3 rats
98 creatures vanquished.

Notes
Turn   | Place    | Note
-------+----------+-------------------------------------------
     0 | D:1      | qw the Naga Hunter began the quest for the Orb.
     0 | D:1      | Reached XP level 1. HP: 19/19 MP: 1/1
     0 | D:1      | 0 ||| qw: Version: 0.3-a-5-g6f28e65
     0 | D:1      | 0 ||| qw: Game counter: 672
     0 | D:1      | 0 ||| qw: Always use a shield: true
     0 | D:1      | 0 ||| qw: God list: Okawaru
     0 | D:1      | 0 ||| qw: Allow faded altars: false
     0 | D:1      | 0 ||| qw: Do Orc after D:15 true
     0 | D:1      | 0 ||| qw: Do second Lair branch before Depths: true
     0 | D:1      | 0 ||| qw: Lair rune preference: random
     0 | D:1      | 0 ||| qw: Plans: Normal
     0 | D:1      | 0 ||| PLANNING D:1-11
    58 | D:1      | 58 ||| INVOKING Spit Poison.
    62 | D:1      | 62 ||| INVOKING Spit Poison.
    63 | D:1      | Reached skill level 4 in Ranged Weapons
    63 | D:1      | Reached XP level 2. HP: 23/26 MP: 2/2
   119 | D:1      | 119 ||| INVOKING Spit Poison.
   130 | D:1      | 130 ||| INVOKING Spit Poison.
   153 | D:1      | 153 ||| INVOKING Spit Poison.
   157 | D:1      | 157 ||| INVOKING Spit Poison.
   206 | D:1      | 206 ||| INVOKING Spit Poison.
   210 | D:1      | 210 ||| INVOKING Spit Poison.
   214 | D:1      | 214 ||| INVOKING Spit Poison.
   258 | D:1      | 258 ||| INVOKING Spit Poison.
   270 | D:1      | 270 ||| INVOKING Spit Poison.
   478 | D:1      | Reached XP level 3. HP: 32/32 MP: 3/3
   629 | D:1      | 629 ||| INVOKING Spit Poison.
   635 | D:1      | 635 ||| INVOKING Spit Poison.
   730 | D:1      | 730 ||| READING scroll labelled MIALIE ZOCLA.
   731 | D:1      | 731 ||| READING scroll labelled EWONIO GOMOCH.
   790 | D:1      | 790 ||| DROPPING scroll of butterflies.
   804 | D:2      | 804 ||| INVOKING Spit Poison.
   830 | D:2      | 830 ||| INVOKING Spit Poison.
   835 | D:2      | 835 ||| INVOKING Spit Poison.
   837 | D:2      | HP: 8/32 [adder (4)]
   839 | D:2      | 839 ||| INVOKING Spit Poison.
   842 | D:2      | HP: 4/32 [poisoned by an adder]
  1002 | D:2      | 1002 ||| INVOKING Spit Poison.
  1007 | D:2      | 1007 ||| INVOKING Spit Poison.
  1011 | D:2      | 1011 ||| INVOKING Spit Poison.
  1014 | D:2      | HP: 8/32 [kobold/+0 short sword (2)]
  1135 | D:2      | 1135 ||| INVOKING Spit Poison.
  1138 | D:2      | 1138 ||| INVOKING Spit Poison.
  1141 | D:2      | Reached skill level 5 in Ranged Weapons
  1141 | D:2      | Reached XP level 4. HP: 39/39 MP: 4/4
  1300 | D:2      | 1300 ||| INVOKING Spit Poison.
  1346 | D:2      | 1346 ||| INVOKING Spit Poison.
  1369 | D:2      | Noticed Natasha
  1370 | D:2      | 1370 ||| INVOKING Spit Poison.
  1371 | D:2      | Killed Natasha
  1395 | D:2      | Noticed Natasha
  1396 | D:2      | 1396 ||| INVOKING Spit Poison.
  1402 | D:2      | 1402 ||| INVOKING Spit Poison.
  1407 | D:2      | 1407 ||| INVOKING Spit Poison.
  1407 | D:2      | Killed Natasha
  1408 | D:2      | Reached skill level 3 in Fighting
  1518 | D:2      | Noticed Natasha
  1520 | D:2      | 1520 ||| INVOKING Spit Poison.
  1521 | D:2      | 1521 ||| INVOKING Spit Poison.
  1525 | D:2      | 1525 ||| INVOKING Spit Poison.
  1526 | D:2      | Killed Natasha
  1527 | D:2      | Reached XP level 5. HP: 29/49 MP: 5/5
  1665 | D:2      | 1665 ||| INVOKING Spit Poison.
  1761 | D:2      | Noticed Jessica
  1763 | D:2      | 1763 ||| INVOKING Spit Poison.
  1766 | D:2      | Killed Jessica
  1781 | D:2      | 1781 ||| READING scroll labelled FYNOG VILIRI.
  1782 | D:2      | 1782 ||| READING 3 scrolls labelled KOGOMAMADU.
  1783 | D:2      | 1783 ||| READING scroll labelled FAVVAM OSIAME.
  1784 | D:2      | 1784 ||| DRINKING 3 dark potions.
  1889 | D:2      | 1889 ||| READING 2 scrolls of identify.
  1889 | D:2      | 1889 ||| IDENTIFYING cyan potion
  1890 | D:2      | 1890 ||| DROPPING 2 potions of berserk rage.
  1891 | D:2      | 1891 ||| DROPPING potion of attraction.
  1917 | D:2      | 1917 ||| INVOKING Spit Poison.
  1920 | D:2      | 1920 ||| INVOKING Spit Poison.
  1926 | D:3      | 1926 ||| INVOKING Spit Poison.
  1942 | D:3      | 1942 ||| INVOKING Spit Poison.
  2016 | D:3      | 2016 ||| INVOKING Spit Poison.
  2023 | D:3      | 2023 ||| INVOKING Spit Poison.
  2042 | D:3      | 2042 ||| INVOKING Spit Poison.
  2073 | D:3      | 2073 ||| INVOKING Spit Poison.
  2080 | D:3      | 2080 ||| INVOKING Spit Poison.
  2084 | D:3      | 2084 ||| INVOKING Spit Poison.
  2089 | D:3      | 2089 ||| INVOKING Spit Poison.
  2093 | D:3      | 2093 ||| INVOKING Spit Poison.
  2217 | D:3      | Found Fojuewna's Book Boutique.
  2239 | D:3      | 2239 ||| INVOKING Spit Poison.
  2298 | D:3      | 2298 ||| INVOKING Spit Poison.
  2303 | D:3      | 2303 ||| INVOKING Spit Poison.
  2307 | D:3      | HP: 3/49 [iguana (12)]
  2308 | D:3      | 2308 ||| INVOKING Spit Poison.
  2309 | D:3      | Reached skill level 6 in Ranged Weapons
  2309 | D:3      | Reached XP level 6. HP: 4/56 MP: 6/6
  2489 | D:3      | 2489 ||| INVOKING Spit Poison.
  2524 | D:3      | 2524 ||| INVOKING Spit Poison.
  2552 | D:3      | 2552 ||| INVOKING Spit Poison.
  2674 | D:3      | 2674 ||| INVOKING Spit Poison.
  2725 | D:3      | 2725 ||| INVOKING Spit Poison.
  2750 | D:3      | 2750 ||| UPGRADING to amulet of the acrobat.
  2755 | D:3      | 2755 ||| UPGRADING to ring of positive energy.
  2756 | D:3      | 2756 ||| DRINKING 2 red potions.
  2805 | D:3      | 2805 ||| READING 3 scrolls of identify.
  2805 | D:3      | 2805 ||| IDENTIFYING lumpy grey potion
  2806 | D:3      | 2806 ||| READING 2 scrolls of identify.
  2806 | D:3      | 2806 ||| IDENTIFYING lumpy orange potion
  2807 | D:3      | 2807 ||| DROPPING potion of lignification.
  2808 | D:3      | 2808 ||| DROPPING potion of brilliance.
  2809 | D:3      | 2809 ||| DROPPING potion of magic.
  2826 | D:4      | 2826 ||| INVOKING Spit Poison.
  2827 | D:4      | 2827 ||| INVOKING Spit Poison.
  2828 | D:4      | 2828 ||| STAIRDANCE
  2832 | D:3      | 2832 ||| INVOKING Spit Poison.
  2936 | D:4      | Noticed an ice beast
  2945 | D:4      | 2945 ||| STAIRDANCE
  2953 | D:3      | HP: 9/56 [ice beast (9)]
  2954 | D:3      | Killed an ice beast
  3268 | D:4      | Found a sacrificial altar of Ru.
  3272 | D:4      | 3272 ||| INVOKING Spit Poison.
  3292 | D:4      | 3292 ||| INVOKING Spit Poison.
  3298 | D:4      | Reached XP level 7. HP: 50/66 MP: 7/7
  3360 | D:4      | 3360 ||| INVOKING Spit Poison.
  3390 | D:4      | 3390 ||| INVOKING Spit Poison.
  3400 | D:4      | 3400 ||| INVOKING Spit Poison.
  3430 | D:4      | 3430 ||| INVOKING Spit Poison.
  3437 | D:4      | 3437 ||| INVOKING Spit Poison.
  3443 | D:4      | 3443 ||| INVOKING Spit Poison.
  3512 | D:4      | 3512 ||| INVOKING Spit Poison.
  3518 | D:4      | 3518 ||| INVOKING Spit Poison.
  3523 | D:4      | 3523 ||| INVOKING Spit Poison.
  3616 | D:4      | Found a hide-covered altar of Uskayaw.
  3619 | D:4      | Found an ancient bone altar of Kikubaaqudgha.
  3718 | D:4      | Found Xosacut's Antique Armour Shoppe.
  3722 | D:4      | 3722 ||| BUYING runed ring mail (182 gold).
  3722 | D:4      | Bought a runed ring mail for 182 gold pieces
  3722 | D:4      | 3722 ||| SHOPLISTING runed robe (96 gold, have 92).
  3737 | D:4      | 3737 ||| INVOKING Spit Poison.
  3748 | D:4      | 3748 ||| Stepping ~*~*~tactically~*~*~ (outnumbered).
  3749 | D:4      | 3749 ||| INVOKING Spit Poison.
  3755 | D:4      | 3755 ||| INVOKING Spit Poison.
  3846 | D:4      | Reached skill level 7 in Ranged Weapons
  3985 | D:4      | 3985 ||| UPGRADING to +2 ring mail of willpower.
  3995 | D:4      | 3995 ||| DROPPING +0 leather armour.
  3996 | D:4      | 3996 ||| READING scroll labelled VEVUTZ XETSU UTOH.
  3997 | D:4      | 3997 ||| READING scroll labelled ROKHI GYFO.
  4019 | D:5      | Entered Level 5 of the Dungeon
  4035 | D:5      | HP: 15/66 [ice beast (9)]
  4041 | D:5      | Reached skill level 1 in Armour
  4041 | D:5      | 4041 ||| FLEEEEING.
  4042 | D:5      | 4042 ||| FLEEEEING.
  4043 | D:5      | 4043 ||| FLEEEEING.
  4044 | D:5      | 4044 ||| INVOKING Spit Poison.
  4045 | D:5      | 4045 ||| FLEEEEING.
  4046 | D:5      | 4046 ||| STAIRDANCE
  4197 | D:5      | 4197 ||| INVOKING Spit Poison.
  4201 | D:5      | 4201 ||| INVOKING Spit Poison.
  4253 | D:5      | 4253 ||| INVOKING Spit Poison.
  4257 | D:5      | 4257 ||| INVOKING Spit Poison.
  4262 | D:5      | 4262 ||| INVOKING Spit Poison.
  4267 | D:5      | 4267 ||| INVOKING Spit Poison.
  4274 | D:5      | 4274 ||| INVOKING Spit Poison.
  4281 | D:5      | Reached XP level 8. HP: 38/73 MP: 8/8
  4281 | D:5      | 4281 ||| INVOKING Spit Poison.
  4282 | D:5      | Shot with a bolt by an orc

Levels and vault maps discovered:
D:1:      lemuel_arrival_river_ford, layout_loops_cross, chequers_arboretum
D:2:      layout_loops_cross, kennysheep_jessica_study, uniq_natasha
D:3:      layout_basic, serial_shops, nicolae_shop_statue_plus
D:4:      layout_loops_ring, mainiacjoe_overflow_chevrons,
          nicolae_overflow_squiral, serial_shops, nicolae_shop_stone
D:5:      layout_loops_cross, grunt_temple_overflow_holy_war,
          minmay_misc_feat_square, columned_hall_lemuel, grunt_ministairs_2,
          uniq_crazy_yiuf_cottage

Skill      XL: |  1  2  3  4  5  6  7 |
---------------+----------------------+-----
Ranged Weapons | 4 5 6 7 |  7.5
Fighting       | 3 4 |  4.4
Dodging        | 2 |  2.5
Armour         | 1 |  1.6
Stealth        | |  1.5

Action                     |  1- 3 |  4- 6 |  7- 9 || total
---------------------------+-------+-------+-------++-------
   Fire: Shortbow          |    71 |   108 |    77 ||   256
Ability: Spit Poison       |    22 |    35 |    21 ||    78
    Use: Scroll            |     2 |     6 |     2 ||    10
         Potion            |       |     2 |       ||     2
 Armour: Leather armour    |     9 |    17 |     2 ||    28
         Ring mail         |       |       |     8 ||     8
  Dodge: Dodged            |    18 |    30 |    24 ||    72

Table legend:
 A = Non-vault XP
 B = Vault XP
 C = Vault XP percentage of total XP
 D = Non-vault monster count
 E = Vault monster count
 F = Vault count percentage of total count
                 A         B        C        D         E       F
            +---------+---------+-------+---------+---------+-------
      Total |    1253 |      83 |   6.2 |      93 |       5 |   5.1
            +---------+---------+-------+---------+---------+-------
        D:1 |      44 |       0 |   0.0 |      26 |       0 |   0.0
        D:2 |     129 |      72 |  35.8 |      16 |       3 |  15.8
        D:3 |     289 |       0 |   0.0 |      25 |       0 |   0.0
        D:4 |     432 |       0 |   0.0 |      18 |       0 |   0.0
        D:5 |     359 |      11 |   3.0 |       8 |       2 |  20.0
            +---------+---------+-------+---------+---------+-------
